AoeStats
← SmurfSSmur

Socotra

504683106Analyzed
2v2 RM · 26d ago on Sep 6, 2026· 24m 10s· 4 players
Game mode
Random Map
Map size
Tiny (2 player)
Population
200
Speed
Normal
Resources
Standard
Victory
Conquest
Starting age
Dark Age
Ending age
Imperial Age
RankedLock teamsTeams togetherTeam positionsShared explorationLock speedFull tech treeHidden civsTurbo modeCheats
Victory
Defeat
🇨🇦 Japanese · Canada
1163
+28
🇨🇦 Vietnamese · Canada
1158
+30
🇨🇳 Magyars · China
1135
-15
🇨🇳 Khmer · China
1122
-14
y.尊 尊
0:35 Loom
13:02 Feudal Age
14:21 Wheelbarrow
13:44 Double-Bit Axe
神采飞扬
6:50 Loom
12:47 Feudal Age
16:56 Castle Age
15:03 Horse Collar
16:03 Double-Bit Axe
16:12 Gold Mining
24:37 Ballistics
SmurfSSmur
10:10 Loom
12:31 Feudal Age
13:51 Double-Bit Axe
13:48 Horse Collar
16:22 Fletching
18:42 Wheelbarrow
18:11 Padded Archer Armor
20:29 Scale Barding Armor
22:42 Bloodlines
Lord Kos
7:17 Loom
9:29 Feudal Age
12:03 Double-Bit Axe
12:48 Fletching
22:25 Castle Age
20:13 Horse Collar
20:26 Gold Mining
21:42 Padded Archer Armor
23:57 Bodkin Arrow
24:17 Bloodlines
24:08 Husbandry
Connection lost

Rejoining the realm…

Still unreachable

The connection could not be restored.

Session expired

The server has moved on; the page needs a fresh start.